[ AOE2 MATCH · #504716880 ]
UnrankedJurchens vs Wu
Player's team · WIN
Rival team · LOSS
[ REPLAY ANALYSIS · EXTRACTED FROM THE RECORDED GAME ]
Feudal
9:24
Castle
—
Imperial
—
| APM avg | 61.6 |
| APM peak | 100 |
| eAPM avg | 25.1 |
| Villagers / military | 36 / 13 |
Focus
⚔️ 28.6% · 🌾 71.4%
Archer ×13
Feudal
13:29
Castle
—
Imperial
—
| APM avg | 32.5 |
| APM peak | 62 |
| eAPM avg | 11.8 |
| Villagers / military | 35 / 9 |
Focus
⚔️ 24.6% · 🌾 75.4%
Militia ×5 · Skirmisher ×4
Match map
Initial resources + every placement click. Lines = walls · curves = elevation contours. ◆ gold · ⬟ stone · ● berries · ✦ relic · ◌ wall gap
Your base· Open — 10t gap
帝国的铁汉's base· Open — unwalled flank
Smoothed initial terrain · ◌ = detected wall gap · hover for details
Inputs per minute
— Kelly271888 - - 帝国的铁汉
Build order — Kelly271888
87 actions detected in the replay
| 0:01 | Queue | Villager (Male) |
| 0:01 | Queue | Villager (Male) |
| 0:02 | Build | House |
| 0:04 | Build | House |
| 0:05 | Queue | Villager (Male) |
| 0:10 | Queue | Villager (Male) |
| 1:32 | Queue | Villager (Male) |
| 1:53 | Build | Lumber Camp |
| 1:53 | Queue | Villager (Male) |
| 2:00 | Queue | Villager (Male) |
| 2:00 | Queue | Villager (Male) |
| 2:31 | Queue | Villager (Male) |
| 3:05 | Queue | Villager (Male) |
| 3:20 | Queue | Villager (Male) |
| 3:44 | Build | House |
| 4:07 | Queue | Villager (Male) |
| 4:07 | Queue | Villager (Male) |
| 4:38 | Build | Palisade Wall |
| 4:40 | Build | Palisade Wall |
| 4:57 | Queue | Villager (Male) |
| 5:29 | Queue | Villager (Male) |
| 5:30 | Queue | Villager (Male) |
| 5:38 | Queue | Villager (Male) |
| 5:38 | Queue | Villager (Male) |
| 6:01 | Build | Barracks |
| 6:05 | Build | Barracks |
| 6:17 | Research | Loom |
| 7:14 | Research | Feudal Age |
| 7:37 | Build | House |
| 8:29 | Build | Mining Camp |
| 8:47 | Build | House |
| 8:54 | Build | House |
| 9:02 | Queue | Villager (Male) |
| 9:16 | Build | Palisade Wall |
| 9:21 | Queue | Villager (Male) |
| 9:24 | Age | Feudal Age |
| 9:37 | Build | House |
| 9:38 | Queue | Villager (Male) |
| 9:42 | Build | Archery Range |
| 9:51 | Queue | Villager (Male) |
| 9:58 | Queue | Villager (Male) |
| 10:05 | Research | Double-Bit Axe |
| 10:11 | Queue | Villager (Male) |
| 10:21 | Queue | Archer |
| 10:21 | Queue | Archer |
| 10:47 | Build | Blacksmith |
| 10:48 | Queue | Villager (Male) |
| 10:55 | Queue | Archer |
| 11:03 | Build | House |
| 11:13 | Queue | Villager (Male) |
| 11:20 | Queue | Archer |
| 11:24 | Build | House |
| 11:31 | Build | Mill |
| 11:32 | Queue | Archer |
| 11:57 | Build | House |
| 12:02 | Queue | Villager (Male) |
| 12:09 | Queue | Villager (Male) |
| 12:17 | Queue | Villager (Male) |
| 12:25 | Queue | Archer |
| 12:37 | Build | House |
| 12:39 | Queue | Archer |
| 12:56 | Research | Fletching |
| 13:16 | Queue | Villager (Male) |
| 13:19 | Build | Archery Range |
| 13:23 | Queue | Archer |
| 13:24 | Queue | Villager (Male) |
| 13:27 | Build | Farm |
| 13:37 | Research | Horse Collar |
| 13:55 | Queue | Archer |
| 14:11 | Build | House |
| 15:01 | Queue | Archer |
| 15:02 | Queue | Archer |
| 15:02 | Queue | Villager (Male) |
| 15:06 | Build | Farm |
| 15:09 | Build | Farm |
| 15:42 | Research | Padded Archer Armor |
| 15:42 | Queue | Villager (Male) |
| 15:44 | Build | Farm |
| 15:45 | Build | Farm |
| 15:46 | Build | Farm |
| 15:50 | Queue | Archer |
| 15:51 | Queue | Archer |
| 16:26 | Queue | Villager (Male) |
| 16:36 | Queue | Villager (Male) |
| 16:43 | Queue | Villager (Male) |
| 16:46 | Build | Stable |
| 16:49 | Build | House |
Build order — 帝国的铁汉
74 actions detected in the replay
| 0:02 | Build | House |
| 0:03 | Build | House |
| 0:04 | Queue | Villager (Male) |
| 0:04 | Queue | Villager (Male) |
| 0:04 | Queue | Villager (Male) |
| 0:04 | Queue | Villager (Male) |
| 1:26 | Queue | Villager (Male) |
| 1:51 | Build | Lumber Camp |
| 1:56 | Queue | Villager (Male) |
| 2:24 | Queue | Villager (Male) |
| 2:42 | Queue | Villager (Male) |
| 2:42 | Queue | Villager (Male) |
| 2:57 | Build | House |
| 2:58 | Build | House |
| 3:03 | Queue | Villager (Male) |
| 3:43 | Queue | Villager (Male) |
| 3:43 | Queue | Villager (Male) |
| 4:11 | Queue | Villager (Male) |
| 4:37 | Queue | Villager (Male) |
| 5:04 | Build | Barracks |
| 5:11 | Queue | Villager (Male) |
| 5:30 | Build | House |
| 5:38 | Queue | Villager (Male) |
| 5:52 | Queue | Militia |
| 5:52 | Queue | Militia |
| 5:59 | Build | House |
| 6:02 | Queue | Villager (Male) |
| 6:03 | Queue | Militia |
| 6:16 | Queue | Militia |
| 6:17 | Queue | Villager (Male) |
| 6:45 | Queue | Villager (Male) |
| 6:47 | Queue | Militia |
| 7:03 | Build | Mill |
| 7:24 | Queue | Villager (Male) |
| 7:46 | Queue | Villager (Male) |
| 7:53 | Build | Mining Camp |
| 8:00 | Queue | Villager (Male) |
| 8:25 | Queue | Villager (Male) |
| 8:31 | Build | Farm |
| 9:00 | Queue | Villager (Male) |
| 9:22 | Queue | Villager (Male) |
| 9:25 | Build | Farm |
| 9:25 | Build | Farm |
| 9:25 | Build | Farm |
| 9:28 | Build | House |
| 9:34 | Research | Loom |
| 10:07 | Build | Farm |
| 10:10 | Queue | Villager (Male) |
| 10:36 | Build | Farm |
| 10:49 | Build | Farm |
| 11:19 | Research | Feudal Age |
| 11:50 | Build | Farm |
| 12:02 | Build | Palisade Wall |
| 12:41 | Queue | Villager (Male) |
| 12:42 | Queue | Villager (Male) |
| 13:29 | Age | Feudal Age |
| 13:34 | Build | Archery Range |
| 13:37 | Build | Blacksmith |
| 13:38 | Research | Double-Bit Axe |
| 13:43 | Queue | Villager (Male) |
| 13:47 | Research | Man-at-Arms (upgrade) |
| 13:56 | Queue | Villager (Male) |
| 14:06 | Build | Watch Tower |
| 14:10 | Queue | Villager (Male) |
| 14:29 | Queue | Villager (Male) |
| 14:50 | Queue | Skirmisher |
| 15:00 | Queue | Villager (Male) |
| 15:22 | Queue | Villager (Male) |
| 15:28 | Queue | Skirmisher |
| 16:14 | Queue | Skirmisher |
| 16:30 | Queue | Skirmisher |
| 16:46 | Build | Archery Range |
| 16:50 | Research | Fletching |
| 17:10 | Queue | Villager (Male) |
Match timeline
| 4:38 | Kelly271888 · wall_segment Palisade Wall x1 |
| 4:40 | Kelly271888 · wall_segment Palisade Wall x1 |
| 5:04 | 帝国的铁汉 · first_building Barracks |
| 6:01 | Kelly271888 · first_building Barracks |
| 9:16 | Kelly271888 · wall_segment Palisade Wall x4 |
| 9:24 | Kelly271888 · age_up feudal |
| 9:42 | Kelly271888 · first_building Archery Range |
| 12:02 | 帝国的铁汉 · wall_segment Palisade Wall x8 |
| 13:29 | 帝国的铁汉 · age_up feudal |
| 13:34 | 帝国的铁汉 · first_building Archery Range |
| 16:46 | Kelly271888 · first_building Stable |
| 17:20 | 帝国的铁汉 · resign |
[ AI ANALYSIS · 1 CREDIT ]
What really happened in this match?
Wolo.gg analyzes every decision: build order, eco, micro, common mistakes by bracket. Personalized analysis on WhatsApp or Discord in 30 seconds.
Civ guide
Jurchens
Perfil
Kelly271888